 Dungeon Crawl Stone Soup version 0.30-a0-57-g8b159a9891 (webtiles) character file.

Game seed: 9339362021701090951

434 Malachi the Shooter (level 6, -1/44 HPs)
             Began as a Demonspawn Hunter on Sept 12, 2022.
             Was an Elder of Jiyva.
             Slain by a black bear (7 damage)
             ... on level 4 of the Dungeon.
             The game lasted 00:04:13 (3073 turns).

Malachi the Shooter (Demonspawn Hunter)             Turns: 3073, Time: 00:04:13

Health: -1/44      AC:  5    Str: 11    XL:     6   Next: 67%
Magic:  6/6        EV: 12    Int: 11    God:    Jiyva [****..]
Gold:   117        SH:  0    Dex: 20    Spells: 5/5 levels left

rFire   . . .      SeeInvis .    a - +0 shortbow
rCold   . . .      Faith    .    (shield currently unavailable)
rNeg    . . .      Spirit   .    c - +0 leather armour
rPois   .          Reflect  .    (no helmet)
rElec   .          Harm     .    u - +0 cloak
rCorr   +          Rampage  .    (no gloves)
Will    .....                    v - +0 pair of boots
Stlth   +++.......               (no amulet)
HPRegen 3.82/turn                (no ring)
MPRegen 0.50/turn                (no ring)

@: no status effects
A: thin skeletal structure 1, demonic magic 2, regeneration 3, jelly absorbing
missiles
a: Renounce Religion, Oozemancy, Slimify


You were on level 4 of the Dungeon.
You worshipped Jiyva.
Jiyva was greatly pleased with you.
You visited 1 branch of the dungeon, and saw 4 of its levels.
You also visited: Sewer.

You collected 117 gold pieces.

Inventory:

Hand Weapons
 a - a +0 shortbow (weapon)
 f - a +0 dagger
Missiles
 d - a curare-tipped dart
 q - 3 poisoned darts
Armour
 c - a +0 leather armour (worn)
 u - a +0 cloak (worn)
 v - a +0 pair of boots (worn)
Jewellery
 g - a ring of protection from fire
Scrolls
 b - a scroll of immolation
 e - a scroll of fog {unknown}
 i - a scroll of enchant armour {unknown}
 j - 6 scrolls of teleportation {unknown}
 l - a scroll of identify {unknown}
 m - a scroll of enchant weapon {unknown}
 n - a scroll of magic mapping {unknown}
 o - a scroll of torment {unknown}
 p - a scroll of fear {unknown}
 s - 2 scrolls of blinking {unknown}
Potions
 h - a potion of curing
 k - a potion of mutation {unknown}
 r - a potion of haste {unknown}
 t - a potion of resistance {unknown}
 w - a potion of flight {unknown}


   Skills:
 - Level 2.0 Fighting
 + Level 7.4 Ranged Weapons
 - Level 1.7 Dodging
 - Level 0.8 Stealth


You had 5 spell levels left.
You didn't know any spells.
Your spell library was empty.

Dungeon Overview and Level Annotations

Branches:
Dungeon (4/15)              Sewer (visited)
 Temple: D:4-7

Altars:
Makhleb
Qazlal
Uskayaw
Wu Jian
Jiyva

Shops:
D:3 [


Innate Abilities, Weirdness & Mutations

You have a somewhat thin skeletal structure. (Dex +2, Stealth+)
Spells you cast may paralyse nearby enemies.
You regenerate.
You have a small jelly attached to you that may absorb projectiles.


Message History

Aim: a black bear (severely wounded, berserk, 72% to hit)
You shoot an arrow. The arrow hits the black bear.
The black bear is almost dead.
The black bear bites you! The black bear barely misses you.
The black bear claws you.
* * * LOW HITPOINT WARNING * * *
Fire: a) +0 shortbow
Press: ? - help, Q - select action, (/) - cycle Shift-Dir - straight line, f/p - black bear
Aim: a black bear (almost dead, berserk, 72% to hit)
You shoot an arrow.
The arrow closely misses the black bear.
The black bear barely misses you. The black bear claws you. x2
* * * LOW HITPOINT WARNING * * *
The black bear bites you.
* * * LOW HITPOINT WARNING * * *
The black bear closely misses you.
The black bear claws you but does no damage.
Unknown command.
Fire: a) +0 shortbow
Press: ? - help, Q - select action, (/) - cycle Shift-Dir - straight line, f/p - black bear
Aim: a black bear (almost dead, berserk, 72% to hit)
You shoot an arrow.
The arrow hits the black bear but does no damage.
The black bear is almost dead.
The black bear bites you but does no damage.
The black bear claws you but does no damage.
The black bear claws you.
* * * LOW HITPOINT WARNING * * *
The black bear bites you.
* * * LOW HITPOINT WARNING * * *
The black bear closely misses you. The black bear claws you.
* * * LOW HITPOINT WARNING * * *
Unknown command.
Fire: a) +0 shortbow
Press: ? - help, Q - select action, (/) - cycle Shift-Dir - straight line, f/p - black bear
Aim: a black bear (almost dead, berserk, 72% to hit)
You shoot an arrow. The arrow hits the black bear.
The black bear is almost dead.
The black bear bites you!
You die...

#..## ..##.#
#.).. .J....#
#..P. .....#
#...###...#
#....#....#
#.........#
#.P......#
#.#..h.#.#
####@..# ..# #
###.# #.#.. #.#
#.#.# #.# #.#.#
#.# #.#.##
.######.###....##
................#
#######....>....#
#####.....####


You could see a black bear (berserk) and a neutral jelly (wandering) (fellow
slime).

Vanquished Creatures
  2 kobold brigands (Sewer)
  A necrophage (D:4)
  An orc priest (D:2)
  Jessica (D:2)
  5 adders
  3 river rats (Sewer)
  4 worms
  4 dart slugs
  4 orcs (D:2)
  9 ball pythons
  3 bats
  3 endoplasms (D:1)
  10 giant cockroaches
  5 goblins
  4 hobgoblins
  4 jackals (Sewer)
  3 quokkas (D:3)
  8 frilled lizards
  8 kobolds
  10 rats
92 creatures vanquished.

Vanquished Creatures (others)
  2 endoplasms
  An orc (D:3)
  4 ball pythons
  4 giant cockroaches (D:2)
  A goblin (D:3)
  3 hobgoblins
  2 quokkas (D:3)
  2 rats
  21 plants
40 creatures vanquished.

Grand Total: 132 creatures vanquished

Notes
Turn   | Place    | Note
-------+----------+-------------------------------------------
     0 | D:1      | Malachi the Demonspawn Hunter began the quest for the Orb.
     0 | D:1      | Reached XP level 1. HP: 16/16 MP: 1/1
    63 | D:1      | Reached skill level 4 in Ranged Weapons
    63 | D:1      | Gained mutation: Spells you cast may paralyse adjacent
                  | enemies. [demonic ancestry]
    63 | D:1      | Reached XP level 2. HP: 22/22 MP: 2/2
   513 | D:1      | Found a faded altar of an unknown god.
   533 | D:1      | Prayed at the altar of an unknown god.
   533 | D:1      | Became a worshipper of Jiyva Jixzoot the Shapeless
   533 | D:1      | Reached * piety under Jiyva
   612 | D:1      | Gained mutation: You have a somewhat thin skeletal
                  | structure. (Dex +2, Stealth+) [demonic ancestry]
   612 | D:1      | Reached XP level 3. HP: 27/27 MP: 3/3
   969 | D:2      | Reached ** piety under Jiyva
  1001 | D:2      | Noticed Jessica
  1005 | D:2      | Killed Jessica
  1006 | D:2      | Reached skill level 5 in Ranged Weapons
  1031 | D:2      | Reached XP level 4. HP: 33/33 MP: 4/4
  1180 | D:2      | Gained mutation: Spells you cast may paralyse nearby
                  | enemies. [demonic ancestry]
  1180 | D:2      | Reached XP level 5. HP: 38/38 MP: 5/5
  1548 | D:3      | Found an ornate altar of the Wu Jian Council.
  1548 | D:3      | Found a burning altar of Makhleb.
  1549 | D:3      | Reached *** piety under Jiyva
  1550 | D:3      | Found a stormy altar of Qazlal.
  1551 | D:3      | Found a hide-covered altar of Uskayaw.
  1593 | D:3      | Found a glowing drain.
  1611 | Sewer    | Entered a sewer
  1628 | Sewer    | Reached skill level 6 in Ranged Weapons
  1719 | Sewer    | Reached XP level 6. HP: 43/44 MP: 6/6
  1768 | Sewer    | Reached skill level 7 in Ranged Weapons
  1827 | Sewer    | Gained mutation: Your natural rate of healing is unusually
                  | fast. [Jiyva's grace]
  1827 | Sewer    | Gained mutation: You heal very quickly. [Jiyva's grace]
  1827 | Sewer    | Gained mutation: You regenerate. [Jiyva's grace]
  1827 | Sewer    | Gained mutation: You have a small jelly attached to you
                  | that may absorb projectiles. [Jiyva's grace]
  2341 | D:3      | Reached **** piety under Jiyva
  2432 | D:3      | Found Itaigin's Armour Shoppe.
  3072 | D:4      | HP: 2/44 [black bear (6)]
  3073 | D:4      | Slain by a black bear

Illustrated notes

Levels and vault maps discovered:
D:1:      doesnt_arrival_eight_statues, layout_basic,
          ebering_ecumenical_altar_rust
D:2:      minmay_roachtagon, layout_basic, chequers_avenue,
          minmay_randomly_rotated_circles, uniq_jessica
D:3:      minmay_recursive_quarters, layout_basic, grunt_temple_overflow_open,
          serial_shops, nicolae_shop_hallway_plus, serial_forest,
          infiniplex_forest_diagonal, infiniplex_forest_zigzag_2,
          infiniplex_forest_straight_5, infiniplex_forest_3_way,
          infiniplex_forest_lined_2, infiniplex_forest_lined_corner,
          infiniplex_forest_clump_double, portal_sewer_entry_f
D:4:      layout_loops_ring, nemelex_xobeh_ov_fountains_minmay,
          kiku_gazebo_garden_becter, st_stairs_14,
          chequers_serial_rivers_small_3, uniq_blork_the_orc

Skill      XL: |  1  2  3  4  5  6 |
---------------+-------------------+-----
Ranged Weapons | 4 5 6 7 |  7.4
Fighting       | |  2.0
Dodging        | |  1.7
Stealth        | |  0.8

Action                   |  1- 3 |  4- 6 || total
-------------------------+-------+-------++-------
 Fire: Shortbow          |    81 |   190 ||   271
  Use: Potion            |       |     2 ||     2
Armor: Leather armour    |     8 |    24 ||    32
Dodge: Dodged            |    14 |    87 ||   101

Table legend: (Time is in decaauts)
 A = Elapsed time spent in this place.
 B = Non-inter-level travel time spent in this place.
 C = Inter-level travel time spent in this place.
 D = Time resting spent in this place.
 E = Time spent auto-exploring this place.
 F = Levels seen in this place.
 G = Mean time per level.
                   A        B        C        D        E       F      G
               +--------+--------+--------+--------+--------+-----+--------+
         Total |   3272 |   3098 |    174 |    285 |   2208 |   5 |  654.4 |
       Dungeon |   2621 |   2447 |    174 |    285 |   1760 |   4 |  655.2 |
         Sewer |    651 |    651 |      0 |      0 |    448 |   1 |  651.0 |
               +--------+--------+--------+--------+--------+-----+--------+

Top non-repeatable levels by time:
     D:3: 929 daAuts
     D:2: 810 daAuts
     D:1: 774 daAuts
   Sewer: 651 daAuts
     D:4: 107 daAuts
